Workbook

Sheet Orçamento Sintético
A1: PLANILHA ORÇAMENTÁRIA
E2: Bancos | G2: B.D.I. | I2: Encargos Sociais
E3: SINAPI - 04/2026 - Minas Gerais SICRO3 - 01/2026 - Minas Gerais SETOP - 01/2026 - Minas Gerais | G3: =BDI!C25 -> 0.26976359 | I3: Não Desonerado: embutido nos preços unitário dos insumos de mão de obra, de acordo com as bases.
A5: OBRA: | D5: PONTE SOBRE O RIO PARDO - RODOVIA MIGUEL CAPANEMA, MARAVILHAS/MG
A6: RT: | D6: ENG. CIVIL GUILHERME CARMO - CREA/MG 199.751/D | E6: DATA: 10/06/2026
A7: Item | B7: Código | C7: Banco | D7: Descrição | E7: Und | F7: Quant. | G7: Valor Unit (R$) | H7: Valor Unit com BDI (R$) | I7: Total (R$) | J7: Peso (%)
A8: 1 | D8: ADMINISTRAÇÃO LOCAL | I8: =SUM(I9:I10) -> 69534.96 | J8: =I8/$J$78 -> 0.044260808
A9: 1.1 | B9: 90778 | C9: SINAPI | D9: ENGENHEIRO CIVIL DE OBRA PLENO COM ENCARGOS COMPLEMENTARES | E9: H | F9: ='Memória de Cálculo'!D9 -> 264 | G9: 147.14 | H9: =TRUNC(((1+$G$3)*G9),2) -> 186.83 | I9: =TRUNC(H9*F9,2) -> 49323.12 | J9: =I9/$J$78 -> 0.031395447
A10: 1.2 | B10: 90776 | C10: SINAPI | D10: ENCARREGADO GERAL COM ENCARGOS COMPLEMENTARES | E10: H | F10: ='Memória de Cálculo'!D10 -> 264 | G10: 60.3 | H10: =TRUNC(((1+$G$3)*G10),2) -> 76.56 | I10: =TRUNC(H10*F10,2) -> 20211.84 | J10: =I10/$J$78 -> 0.012865361
A11: 2 | D11: CANTEIRO DE OBRAS E SERVIÇOS PRELIMINARES | I11: =SUM(I12:I20) -> 36336.01 | J11: =I11/$J$78 -> 0.023128814
A12: 2.1 | B12: 103689 | C12: SINAPI | D12: FORNECIMENTO E INSTALAÇÃO DE PLACA DE OBRA COM CHAPA GALVANIZADA E ESTRUTURA DE MADEIRA. AF_03/2022_PS | E12: m² | F12: 4.5 | G12: 377.85 | H12: =TRUNC(((1+$G$3)*G12),2) -> 479.78 | I12: =TRUNC(H12*F12,2) -> 2159.01 | J12: =I12/$J$78 -> 0.0013742659
A13: 2.2 | B13: 10775 | C13: SINAPI | D13: LOCACAO DE CONTAINER 2,30 X 6,00 M, ALT. 2,50 M, COM 1 SANITARIO, PARA ESCRITORIO, COMPLETO, SEM DIVISORIAS INTERNAS (NAO INCLUI MOBILIZACAO/DESMOBILIZACAO) | E13: MES | F13: ='Memória de Cálculo'!D13 -> 5 | G13: 980 | H13: =TRUNC(((1+$G$3)*G13),2) -> 1244.36 | I13: =TRUNC(H13*F13,2) -> 6221.8 | J13: =I13/$J$78 -> 0.0039603373
A14: 2.3 | B14: 10776 | C14: SINAPI | D14: LOCACAO DE CONTAINER 2,30 X 6,00 M, ALT. 2,50 M, PARA ESCRITORIO, SEM DIVISORIAS INTERNAS E SEM SANITARIO (NAO INCLUI MOBILIZACAO/DESMOBILIZACAO) | E14: MES | F14: ='Memória de Cálculo'!D14 -> 5 | G14: 765.62 | H14: =TRUNC(((1+$G$3)*G14),2) -> 972.15 | I14: =TRUNC(H14*F14,2) -> 4860.75 | J14: =I14/$J$78 -> 0.0030939936
A15: 2.4 | B15: 10777 | C15: SINAPI | D15: LOCACAO DE CONTAINER 2,30 X 4,30 M, ALT. 2,50 M, PARA SANITARIO, COM 3 BACIAS, 4 CHUVEIROS, 1 LAVATORIO E 1 MICTORIO (NAO INCLUI MOBILIZACAO/DESMOBILIZACAO) | E15: MES | F15: ='Memória de Cálculo'!D15 -> 5 | G15: 1112.7 | H15: =TRUNC(((1+$G$3)*G15),2) -> 1412.86 | I15: =TRUNC(H15*F15,2) -> 7064.3 | J15: =I15/$J$78 -> 0.0044966104
A16: 2.5 | B16: ED-50137 | C16: SETOP | D16: MOBILIZAÇÃO E DESMOBILIZAÇÃO DE CONTAINER, INCLUSIVE CARGA, DESCARGA E TRANSPORTE EM CAMINHÃO CARROCERIA COM GUINDAUTO (MUNCK), EXCLUSIVE LOCAÇÃO DO CONTAINER | E16: un | F16: ='Memória de Cálculo'!D16 -> 3,0 | G16: 1671.8 | H16: =TRUNC(((1+$G$3)*G16),2) -> 2122.79 | I16: =TRUNC(H16*F16,2) -> 6368.37 | J16: =I16/$J$78 -> 0.0040536329
A17: 2.6 | B17: ED-50151 | C17: SETOP | D17: LIGAÇÃO PROVISÓRIA COM ENTRADA DE ENERGIA AÉREA, PADRÃO CEMIG, CARGA INSTALADA DE 15,1KVA ATÉ 30KVA, TRIFÁSICO, COM SAÍDA SUBTERRÂNEA, INCLUSIVE POSTE, CAIXA PARA MEDIDOR, DISJUNTOR, BARRAMENTO, ATERRAMENTO E ACESSÓRIOS | E17: UN | F17: ='Memória de Cálculo'!D17 -> 1,0 | G17: 951.38 | H17: =TRUNC(((1+$G$3)*G17),2) -> 1208.02 | I17: =TRUNC(H17*F17,2) -> 1208.02 | J17: =I17/$J$78 -> 0.0007689361
A18: 2.7 | B18: ED-50150 | C18: SETOP | D18: LIGAÇÃO DE ÁGUA PROVISÓRIA PARA CANTEIRO, INCLUSIVE HIDRÔMETRO E CAVALETE PARA MEDIÇÃO DE ÁGUA - ENTRADA PRINCIPAL, EM AÇO GALVANIZADO DN 20MM (1/2") - PADRÃO CONCESSIONÁRIA | E18: UN | F18: ='Memória de Cálculo'!D18 -> 1,0 | G18: 615.2 | H18: =TRUNC(((1+$G$3)*G18),2) -> 781.15 | I18: =TRUNC(H18*F18,2) -> 781.15 | J18: =I18/$J$78 -> 0.00049722226
A19: 2.8 | B19: ED-31745 | C19: SETOP | D19: LIGAÇÃO DE ESGOTO PARA BARRACÃO DE OBRA EM CANTEIRO, EXCLUSIVE FOSSA SÉPTICA | E19: UN | F19: ='Memória de Cálculo'!D19 -> 1,0 | G19: 956.42 | H19: =TRUNC(((1+$G$3)*G19),2) -> 1214.42 | I19: =TRUNC(H19*F19,2) -> 1214.42 | J19: =I19/$J$78 -> 0.00077300987
A20: 2.9 | B20: 99059 | C20: SINAPI | D20: LOCACAO CONVENCIONAL DE OBRA, UTILIZANDO GABARITO DE TÁBUAS CORRIDAS PONTALETADAS A CADA 2,00M - 2 UTILIZAÇÕES. AF_10/2018 | E20: M | F20: ='Memória de Cálculo'!D20 -> 64.9 | G20: 78.37 | H20: =TRUNC(((1+$G$3)*G20),2) -> 99.51 | I20: =TRUNC(H20*F20,2) -> 6458.19 | J20: =I20/$J$78 -> 0.0041108057
A21: 3 | D21: DEMOLIÇÃO DE ESTRUTURA EXISTENTE - PONTE | I21: =SUM(I22:I23) -> 2099.08 | J21: =I21/$J$78 -> 0.0013361189
A22: 3.1 | B22: 1619003 | C22: SICRO | D22: Demolição mecânica de concreto armado com escavadeira hidráulica | E22: m³ | F22: ='Memória de Cálculo'!D22 -> 21.93 | G22: 60.44 | H22: =TRUNC(((1+$G$3)*G22),2) -> 76.74 | I22: =TRUNC(H22*F22,2) -> 1682.9 | J22: =I22/$J$78 -> 0.0010712096
A23: 3.2 | B23: 100982 | C23: SINAPI | D23: CARGA, MANOBRA E DESCARGA DE ENTULHO EM CAMINHÃO BASCULANTE 10 M³ - CARGA COM ESCAVADEIRA HIDRÁULICA (CAÇAMBA DE 0,80 M³ / 111 HP) E DESCARGA LIVRE (UNIDADE: M3). | E23: m³ | F23: ='Memória de Cálculo'!D23 -> 32.9 | G23: 9.97 | H23: =TRUNC(((1+$G$3)*G23),2) -> 12.65 | I23: =TRUNC(H23*F23,2) -> 416.18 | J23: =I23/$J$78 -> 0.00026490938
A24: 4 | D24: INFRAESTRUTURA - ESTACAS | I24: =SUM(I25:I29) -> 63021.06 | J24: =I24/$J$78 -> 0.040114541
A25: 4.1 | B25: 101230 | C25: SINAPI | D25: ESCAVAÇÃO VERTICAL PARA INFRAESTRUTURA, COM CARGA, DESCARGA E TRANSPORTE DE SOLO DE 1ª CATEGORIA, COM ESCAVADEIRA HIDRÁULICA (CAÇAMBA: 0,8 M³ / 111 HP), FROTA DE 3 CAMINHÕES BASCULANTES DE 14 M³, DMT ATÉ 1 KM E VELOCIDADE MÉDIA14 KM/H. | E25: m³ | F25: ='Memória de Cálculo'!D25 -> 332.91 | G25: 12.58 | H25: =TRUNC(((1+$G$3)*G25),2) -> 15.97 | I25: =TRUNC(H25*F25,2) -> 5316.57 | J25: =I25/$J$78 -> 0.0033841349
A26: 4.2 | B26: ED-49715 | C26: SETOP | D26: EXECUÇÃO DE ESTACA TIPO HÉLICE CONTÍNUA, DIÂMETRO 40CM, INCLUSIVE AFASTAMENTO LATERAL, EXCLUSIVE ARMAÇÃO, CONCRETO ESTRUTURAL, TRANSPORTE E RETIRADA DO MATERIAL ESCAVADO | E26: m | F26: ='Memória de Cálculo'!D26 -> 180 | G26: 63.51 | H26: =TRUNC(((1+$G$3)*G26),2) -> 80.64 | I26: =TRUNC(H26*F26,2) -> 14515.2 | J26: =I26/$J$78 -> 0.0092393018
A27: 4.3 | B27: 95584 | C27: SINAPI | D27: MONTAGEM DE ARMADURA TRANSVERSAL DE ESTACAS DE SEÇÃO CIRCULAR, DIÂMETRO = 6,30 MM. | E27: KG | F27: ='Memória de Cálculo'!D27 -> 290.2 | G27: 13.47 | H27: =TRUNC(((1+$G$3)*G27),2) -> 17.1 | I27: =TRUNC(H27*F27,2) -> 4962.42 | J27: =I27/$J$78 -> 0.0031587092
A28: 4.4 | B28: 95578 | C28: SINAPI | D28: MONTAGEM DE ARMADURA DE ESTACAS, DIÂMETRO = 12,5 MM. | E28: KG | F28: ='Memória de Cálculo'!D28 -> 1675.6 | G28: 7.82 | H28: =TRUNC(((1+$G$3)*G28),2) -> 9.92 | I28: =TRUNC(H28*F28,2) -> 16621.95 | J28: =I28/$J$78 -> 0.010580303
A29: 4.5 | B29: ED-49639 | C29: SETOP | D29: FORNECIMENTO DE CONCRETO ESTRUTURAL, USINADO BOMBEADO, COM FCK 30MPA, INCLUSIVE LANÇAMENTO, ADENSAMENTO E ACABAMENTO | E29: m³ | F29: ='Memória de Cálculo'!D29 -> 22.6 | G29: 752.88 | H29: =TRUNC(((1+$G$3)*G29),2) -> 955.97 | I29: =TRUNC(H29*F29,2) -> 21604.92 | J29: =I29/$J$78 -> 0.013752093
A30: 5 | D30: MESOESTRUTURA - ENCONTROS: BLOCO, PILAR E ABAS | I30: =SUM(I31:I38) -> 119855.66 | J30: =I30/$J$78 -> 0.07629124
A31: 5.1 | B31: 96619 | C31: SINAPI | D31: LASTRO DE CONCRETO MAGRO, APLICADO EM BLOCOS DE COROAMENTO OU SAPATAS, ESPESSURA DE 5 CM. | E31: m² | F31: ='Memória de Cálculo'!D31 -> 33.6 | G31: 48.15 | H31: =TRUNC(((1+$G$3)*G31),2) -> 61.13 | I31: =TRUNC(H31*F31,2) -> 2053.96 | J31: =I31/$J$78 -> 0.0013073989
A32: 5.2 | B32: 96537 | C32: SINAPI | D32: FABRICAÇÃO, MONTAGEM E DESMONTAGEM DE FÔRMA PARA BLOCO DE COROAMENTO, EM CHAPA DE MADEIRA COMPENSADA RESINADA, E=17 MM, 2 UTILIZAÇÕES. | E32: m² | F32: ='Memória de Cálculo'!D32 -> 21.7 | G32: 197.2 | H32: =TRUNC(((1+$G$3)*G32),2) -> 250.39 | I32: =TRUNC(H32*F32,2) -> 5433.46 | J32: =I32/$J$78 -> 0.0034585384
A33: 5.3 | B33: 92263 | C33: SINAPI | D33: FABRICAÇÃO DE FÔRMA PARA PILARES E ESTRUTURAS SIMILARES, EM CHAPA DE MADEIRA COMPENSADA RESINADA, E = 17 MM. | E33: m² | F33: ='Memória de Cálculo'!D33 -> 59.8 | G33: 171.53 | H33: =TRUNC(((1+$G$3)*G33),2) -> 217.8 | I33: =TRUNC(H33*F33,2) -> 13024.44 | J33: =I33/$J$78 -> 0.0082903943
A34: 5.4 | B34: 100341 | C34: SINAPI | D34: FABRICAÇÃO, MONTAGEM E DESMONTAGEM DE FÔRMA PARA CORTINA DE CONTENÇÃO, EM CHAPA DE MADEIRA COMPENSADA PLASTIFICADA, E = 18 MM, 10 UTILIZAÇÕES. | E34: m² | F34: ='Memória de Cálculo'!D34 -> 29.1 | G34: 43.34 | H34: =TRUNC(((1+$G$3)*G34),2) -> 55.03 | I34: =TRUNC(H34*F34,2) -> 1601.37 | J34: =I34/$J$78 -> 0.0010193136
A35: 5.5 | B35: 407819 | C35: SICRO3 | D35: Armação em aço CA-50 - fornecimento, preparo e colocação | E35: kg | F35: ='Memória de Cálculo'!D35 -> 3034.1 | G35: 12.17 | H35: =TRUNC(((1+$G$3)*G35),2) -> 15.45 | I35: =TRUNC(H35*F35,2) -> 46876.84 | J35: =I35/$J$78 -> 0.029838326
A36: 5.6 | B36: ED-49639 | C36: SETOP | D36: FORNECIMENTO DE CONCRETO ESTRUTURAL, USINADO BOMBEADO, COM FCK 30MPA, INCLUSIVE LANÇAMENTO, ADENSAMENTO E ACABAMENTO | E36: m³ | F36: ='Memória de Cálculo'!D36 -> 52.3 | G36: 752.88 | H36: =TRUNC(((1+$G$3)*G36),2) -> 955.97 | I36: =TRUNC(H36*F36,2) -> 49997.23 | J36: =I36/$J$78 -> 0.031824535
A37: 5.7 | B37: 2003935 | C37: SICRO3 | D37: Tubo de PVC para dreno tipo barbacã - D = 50 mm - fornecimento e instalação | E37: m | F37: ='Memória de Cálculo'!D37 -> 7.2 | G37: 11.48 | H37: =TRUNC(((1+$G$3)*G37),2) -> 14.57 | I37: =TRUNC(H37*F37,2) -> 104.9 | J37: =I37/$J$78 -> 6.6771574e-05
A38: 5.8 | B38: 105559 | C38: SINAPI | D38: EXECUÇÃO E COMPACTAÇÃO DE CORPO DE ATERRO DE ATERRO (95% DE ENERGIA DO PROCTOR NORMAL) COM SOLO PREDOMINANTEMENTE ARGILOSO, EM CAMADAS COM ESPESSURA DE 20 CM - EXCLUSIVE ESCAVAÇÃO, CARGA E TRANSPORTE E SOLO. | E38: m³ | F38: ='Memória de Cálculo'!D38 -> 53.24 | G38: 11.3 | H38: =TRUNC(((1+$G$3)*G38),2) -> 14.34 | I38: =TRUNC(H38*F38,2) -> 763.46 | J38: =I38/$J$78 -> 0.00048596212
A39: 6 | D39: SUPERESTRUTURA | I39: =I40+I46+I53+I57 -> 555323.48 | J39: =I39/$J$78 -> 0.35347782
A40: 6.1 | D40: LONGARINAS E APARELHO DE APOIO | I40: =SUM(I41:I45) -> 479163.74 | J40: =I40/$J$78 -> 0.30500016
A41: 6.1.1 | B41: ED-49664 | C41: SINAPI | D41: FORNECIMENTO DE ESTRUTURA METÁLICA EM PERFIL LAMINADO , INCLUSIVE FABRICAÇÃO, TRANSPORTE, MONTAGEM E APLICAÇÃO DE FUNDO PREPARADOR ANTICORROSIVO EM SUPERFÍCIE METÁLICA, UMA (1) DEMÃO | E41: KG | F41: ='Memória de Cálculo'!D41 -> 13440.6 | G41: 26.52 | H41: =TRUNC(((1+$G$3)*G41),2) -> 33.67 | I41: =TRUNC(H41*F41,2) -> 452545 | J41: =I41/$J$78 -> 0.28805664
A42: 6.1.2 | B42: M0970 | C42: SICRO3 | D42: Chapa de aço ASTM A572 grau 50 cortada e perfurada | E42: kg | F42: ='Memória de Cálculo'!D42 -> 370.1 | G42: 16.15 | H42: =TRUNC(((1+$G$3)*G42),2) -> 20.5 | I42: =TRUNC(H42*F42,2) -> 7587.05 | J42: =I42/$J$78 -> 0.0048293544
A43: 6.1.3 | B43: 100728 | C43: SINAPI | D43: PINTURA COM TINTA EPOXÍDICA DE FUNDO APLICADA A ROLO OU PINCEL SOBRE PERFIL METÁLICO EXECUTADO EM FÁBRICA (POR DEMÃO). | E43: m² | F43: ='Memória de Cálculo'!D43 -> 191.1 | G43: 30.54 | H43: =TRUNC(((1+$G$3)*G43),2) -> 38.77 | I43: =TRUNC(H43*F43,2) -> 7408.94 | J43: =I43/$J$78 -> 0.0047159827
A44: 6.1.4 | B44: 100740 | C44: SINAPI | D44: PINTURA COM TINTA ALQUÍDICA DE ACABAMENTO (ESMALTE SINTÉTICO ACETINADO) APLICADA A ROLO OU PINCEL SOBRE PERFIL METÁLICO EXECUTADO EM FÁBRICA (POR DEMÃO). | E44: m² | F44: ='Memória de Cálculo'!D44 -> 191.1 | G44: 14.25 | H44: =TRUNC(((1+$G$3)*G44),2) -> 18.09 | I44: =TRUNC(H44*F44,2) -> 3456.99 | J44: =I44/$J$78 -> 0.0022004639
A45: 6.1.5 | B45: 307732 | C45: SICRO3 | D45: Aparelho de apoio de neoprene fretado para estruturas pré-moldadas - fornecimento e instalação | E45: dm³ | F45: ='Memória de Cálculo'!D45 -> 50.76 | G45: 126.7 | H45: =TRUNC(((1+$G$3)*G45),2) -> 160.87 | I45: =TRUNC(H45*F45,2) -> 8165.76 | J45: =I45/$J$78 -> 0.0051977183
A46: 6.2 | D46: TABULEIRO | I46: =SUM(I47:I52) -> 61087.5 | J46: =I46/$J$78 -> 0.03888378
A47: 6.2.1 | B47: 92267 | C47: SINAPI | D47: FABRICAÇÃO DE FÔRMA PARA LAJES, EM CHAPA DE MADEIRA COMPENSADA RESINADA, E = 17 MM | E47: m² | F47: ='Memória de Cálculo'!D47 -> 100.8 | G47: 53.03 | H47: =TRUNC(((1+$G$3)*G47),2) -> 67.33 | I47: =TRUNC(H47*F47,2) -> 6786.86 | J47: =I47/$J$78 -> 0.0043200126
A48: 6.2.2 | B48: ED-19637 | C48: SETOP | D48: CIMBRAMENTO PARA LAJE PRÉ-MOLDADA COM ESCORAMENTO METÁLICO, TIPO "A", ALTURA DE (200 ATÉ 310)CM, INCLUSIVE DESCARGA, MONTAGEM, DESMONTAGEM E CARGA | E48: m2xmês | F48: ='Memória de Cálculo'!D48 -> 16.8 | G48: 24.15 | H48: =TRUNC(((1+$G$3)*G48),2) -> 30.66 | I48: =TRUNC(H48*F48,2) -> 515.08 | J48: =I48/$J$78 -> 0.0003278618
A49: 6.2.3 | B49: 407819 | C49: SICRO3 | D49: Armação em aço CA-50 - fornecimento, preparo e colocação | E49: kg | F49: ='Memória de Cálculo'!D49 -> 1652.72 | G49: 12.17 | H49: =TRUNC(((1+$G$3)*G49),2) -> 15.45 | I49: =TRUNC(H49*F49,2) -> 25534.52 | J49: =I49/$J$78 -> 0.016253385
A50: 6.2.4 | B50: 407820 | C50: SICRO3 | D50: Armação em aço CA-60 - fornecimento, preparo e colocação | E50: kg | F50: ='Memória de Cálculo'!D50 -> 565.93 | G50: 13.67 | H50: =TRUNC(((1+$G$3)*G50),2) -> 17.35 | I50: =TRUNC(H50*F50,2) -> 9818.88 | J50: =I50/$J$78 -> 0.0062499721
A51: 6.2.5 | B51: ED-49639 | C51: SETOP | D51: FORNECIMENTO DE CONCRETO ESTRUTURAL, USINADO BOMBEADO, COM FCK 30MPA, INCLUSIVE LANÇAMENTO, ADENSAMENTO E ACABAMENTO | E51: m³ | F51: ='Memória de Cálculo'!D51 -> 20.2 | G51: 710.27 | H51: =TRUNC(((1+$G$3)*G51),2) -> 901.87 | I51: =TRUNC(H51*F51,2) -> 18217.77 | J51: =I51/$J$78 -> 0.011596084
A52: 6.2.6 | B52: 2007971 | C52: SICRO3 | D52: Dreno de PVC D = 100 mm para OAE - fornecimento e instalação | E52: m | F52: ='Memória de Cálculo'!D52 -> 1.8 | G52: 93.81 | H52: =TRUNC(((1+$G$3)*G52),2) -> 119.11 | I52: =TRUNC(H52*F52,2) -> 214.39 | J52: =I52/$J$78 -> 0.0001364648
A53: 6.3 | D53: BARREIRA DE PROTEÇÃO NEW JERSEY | I53: =SUM(I54:I56) -> 8129.28 | J53: =I53/$J$78 -> 0.0051744978
A54: 6.3.1 | B54: ED-49647 | C54: SETOP | D54: FÔRMA E DESFORMA DE COMPENSADO PLASTIFICADO, ESP. 12MM, REAPROVEITAMENTO (5X), EXCLUSIVE ESCORAMENTO | E54: m² | F54: ='Memória de Cálculo'!D54 -> 21.6 | G54: 59.83 | H54: =TRUNC(((1+$G$3)*G54),2) -> 75.96 | I54: =TRUNC(H54*F54,2) -> 1640.73 | J54: =I54/$J$78 -> 0.0010443673
A55: 6.3.2 | B55: 92919 | C55: SINAPI | D55: ARMAÇÃO DE ESTRUTURAS DIVERSAS DE CONCRETO ARMADO, EXCETO VIGAS, PILARES, LAJES E FUNDAÇÕES, UTILIZANDO AÇO CA-50 DE 10,0 MM - MONTAGEM. AF_06/2022 | E55: KG | F55: ='Memória de Cálculo'!D55 -> 280.49 | G55: 11.13 | H55: =TRUNC(((1+$G$3)*G55),2) -> 14.13 | I55: =TRUNC(H55*F55,2) -> 3963.32 | J55: =I55/$J$78 -> 0.0025227561
A56: 6.3.3 | B56: ED-49639 | C56: SETOP | D56: FORNECIMENTO DE CONCRETO ESTRUTURAL, USINADO BOMBEADO, COM FCK 30MPA, INCLUSIVE LANÇAMENTO, ADENSAMENTO E ACABAMENTO | E56: m³ | F56: ='Memória de Cálculo'!D56 -> 2.8 | G56: 710.27 | H56: =TRUNC(((1+$G$3)*G56),2) -> 901.87 | I56: =TRUNC(H56*F56,2) -> 2525.23 | J56: =I56/$J$78 -> 0.0016073745
A57: 6.4 | D57: JUNTA DE DILATAÇÃO | I57: =SUM(I58:I60) -> 6942.96 | J57: =I57/$J$78 -> 0.0044193743
A58: 6.4.1 | B58: ED-49664 | C58: SINAPI | D58: FORNECIMENTO DE ESTRUTURA METÁLICA EM PERFIL LAMINADO , INCLUSIVE FABRICAÇÃO, TRANSPORTE, MONTAGEM E APLICAÇÃO DE FUNDO PREPARADOR ANTICORROSIVO EM SUPERFÍCIE METÁLICA, UMA (1) DEMÃO | E58: KG | F58: ='Memória de Cálculo'!D58 -> 185.47 | G58: 26.52 | H58: =TRUNC(((1+$G$3)*G58),2) -> 33.67 | I58: =TRUNC(H58*F58,2) -> 6244.77 | J58: =I58/$J$78 -> 0.0039749583
A59: 6.4.2 | B59: 407740 | C59: SICRO3 | D59: Chumbador tipo espera em aço CA-25 para fixação de estrutura metálica em concreto - fornecimento e instalação | E59: KG | F59: ='Memória de Cálculo'!D59 -> 33.26 | G59: 15.98 | H59: =TRUNC(((1+$G$3)*G59),2) -> 20.29 | I59: =TRUNC(H59*F59,2) -> 674.84 | J59: =I59/$J$78 -> 0.00042955319
A60: 6.4.3 | B60: 44073 | C60: SINAPI | D60: TARUGO DELIMITADOR DE PROFUNDIDADE EM ESPUMA DE POLIETILENO DE BAIXA DENSIDADE 10 MM, CINZA | E60: m | F60: ='Memória de Cálculo'!D60 -> 16.8 | G60: 1.1 | H60: =TRUNC(((1+$G$3)*G60),2) -> 1.39 | I60: =TRUNC(H60*F60,2) -> 23.35 | J60: =I60/$J$78 -> 1.4862881e-05
A61: 7 | D61: LAJE DE APROXIMAÇÃO | I61: =SUM(I62:I67) -> 58070.62 | J61: =I61/$J$78 -> 0.036963458
A62: 7.1 | B62: 92267 | C62: SINAPI | D62: FABRICAÇÃO DE FÔRMA PARA LAJES, EM CHAPA DE MADEIRA COMPENSADA RESINADA, E = 17 MM | E62: m² | F62: ='Memória de Cálculo'!D62 -> 18.8 | G62: 53.03 | H62: =TRUNC(((1+$G$3)*G62),2) -> 67.33 | I62: =TRUNC(H62*F62,2) -> 1265.8 | J62: =I62/$J$78 -> 0.00080571457
A63: 7.2 | B63: 407819 | C63: SICRO3 | D63: Armação em aço CA-50 - fornecimento, preparo e colocação | E63: kg | F63: ='Memória de Cálculo'!D63 -> 1922.5 | G63: 12.17 | H63: =TRUNC(((1+$G$3)*G63),2) -> 15.45 | I63: =TRUNC(H63*F63,2) -> 29702.62 | J63: =I63/$J$78 -> 0.018906489
A64: 7.3 | B64: ED-49639 | C64: SETOP | D64: FORNECIMENTO DE CONCRETO ESTRUTURAL, USINADO BOMBEADO, COM FCK 30MPA, INCLUSIVE LANÇAMENTO, ADENSAMENTO E ACABAMENTO | E64: m³ | F64: ='Memória de Cálculo'!D64 -> 18.9 | G64: 710.27 | H64: =TRUNC(((1+$G$3)*G64),2) -> 901.87 | I64: =TRUNC(H64*F64,2) -> 17045.34 | J64: =I64/$J$78 -> 0.010849802
A65: 7.4 | B65: 96396 | C65: SINAPI | D65: EXECUÇÃO E COMPACTAÇÃO DE BASE E OU SUB BASE PARA PAVIMENTAÇÃO DE BRITA GRADUADA SIMPLES - EXCLUSIVE CARGA E TRANSPORTE. | E65: m³ | F65: ='Memória de Cálculo'!D65 -> 9.45 | G65: 217.89 | H65: =TRUNC(((1+$G$3)*G65),2) -> 276.66 | I65: =TRUNC(H65*F65,2) -> 2614.43 | J65: =I65/$J$78 -> 0.0016641526
A66: 7.5 | B66: 4815671 | C66: SICRO3 | D66: Reaterro e compactação com soquete vibratório | E66: m³ | F66: ='Memória de Cálculo'!D66 -> 9.45 | G66: 19.07 | H66: =TRUNC(((1+$G$3)*G66),2) -> 24.21 | I66: =TRUNC(H66*F66,2) -> 228.78 | J66: =I66/$J$78 -> 0.00014562441
A67: 7.6 | B67: ED-7623 | C67: SETOP | D67: EXECUÇÃO E APLICAÇÃO DE CONCRETO BETUMINOSO USINADO A QUENTE (CBUQ), MASSA COMERCIAL, INCLUINDO FORNECIMENTO E TRANSPORTE DOS AGREGADOS E MATERIAL BETUMINOSO, EXCLUSIVE TRANSPORTE DA MASSA ASFÁLTICA ATÉ A PISTA | E67: m³ | F67: ='Memória de Cálculo'!D67 -> 3.15 | G67: 1803.53 | H67: =TRUNC(((1+$G$3)*G67),2) -> 2290.05 | I67: =TRUNC(H67*F67,2) -> 7213.65 | J67: =I67/$J$78 -> 0.0045916756
A68: 8 | D68: GUARDA-CORPO | I68: =SUM(I69:I71) -> 4848.73 | J68: =I68/$J$78 -> 0.0030863426
A69: 8.1 | B69: 2408149 | C69: SICRO3 | D69: Estrutura em perfil de aço ASTM A36 corte, solda e montagem - fornecimento e instalação | E69: KG | F69: ='Memória de Cálculo'!D69 -> 193.7 | G69: 17.29 | H69: =TRUNC(((1+$G$3)*G69),2) -> 21.95 | I69: =TRUNC(H69*F69,2) -> 4251.71 | J69: =I69/$J$78 -> 0.0027063238
A70: 8.2 | B70: 100728 | C70: SINAPI | D70: PINTURA COM TINTA EPOXÍDICA DE FUNDO APLICADA A ROLO OU PINCEL SOBRE PERFIL METÁLICO EXECUTADO EM FÁBRICA (POR DEMÃO). | E70: m² | F70: ='Memória de Cálculo'!D70 -> 10.5 | G70: 30.54 | H70: =TRUNC(((1+$G$3)*G70),2) -> 38.77 | I70: =TRUNC(H70*F70,2) -> 407.08 | J70: =I70/$J$78 -> 0.00025911699
A71: 8.3 | B71: 100740 | C71: SINAPI | D71: PINTURA COM TINTA ALQUÍDICA DE ACABAMENTO (ESMALTE SINTÉTICO ACETINADO) APLICADA A ROLO OU PINCEL SOBRE PERFIL METÁLICO EXECUTADO EM FÁBRICA (POR DEMÃO). | E71: m² | F71: ='Memória de Cálculo'!D71 -> 10.5 | G71: 14.25 | H71: =TRUNC(((1+$G$3)*G71),2) -> 18.09 | I71: =TRUNC(H71*F71,2) -> 189.94 | J71: =I71/$J$78 -> 0.00012090174
A72: 9 | D72: PROTEÇÃO DE MARGEM | I72: =SUM(I73:I75) -> 661820.12 | J72: =I72/$J$78 -> 0.42126569
A73: 9.1 | B73: 101230 | C73: SINAPI | D73: ESCAVAÇÃO VERTICAL PARA INFRAESTRUTURA, COM CARGA, DESCARGA E TRANSPORTE DE SOLO DE 1ª CATEGORIA, COM ESCAVADEIRA HIDRÁULICA (CAÇAMBA: 0,8 M³ / 111 HP), FROTA DE 3 CAMINHÕES BASCULANTES DE 14 M³, DMT ATÉ 1 KM E VELOCIDADE MÉDIA14 KM/H. | E73: m³ | F73: ='Memória de Cálculo'!D73 -> 1297.6 | G73: 12.58 | H73: =TRUNC(((1+$G$3)*G73),2) -> 15.97 | I73: =TRUNC(H73*F73,2) -> 20722.67 | J73: =I73/$J$78 -> 0.013190518
A74: 9.2 | B74: 97083 | C74: SINAPI | D74: COMPACTAÇÃO MECÂNICA DE SOLO PARA EXECUÇÃO DE RADIER, PISO DE CONCRETO OU LAJE SOBRE SOLO, COM COMPACTADOR DE SOLOS A PERCUSSÃO. | E74: m² | F74: ='Memória de Cálculo'!D74 -> 324.4 | G74: 3.89 | H74: =TRUNC(((1+$G$3)*G74),2) -> 4.93 | I74: =TRUNC(H74*F74,2) -> 1599.29 | J74: =I74/$J$78 -> 0.0010179896
A75: 9.3 | B75: 92749 | C75: SINAPI | D75: MURO DE GABIÃO, ENCHIMENTO COM PEDRA DE MÃO TIPO RACHÃO, COM SOLO REFORÇADO, PARA MUROS COM ALTURA MENOR OU IGUAL A 4 M - FORNECIMENTO E EXECUÇÃO. | E75: m³ | F75: ='Memória de Cálculo'!D75 -> 519.44 | G75: 969.58 | H75: =TRUNC(((1+$G$3)*G75),2) -> 1231.13 | I75: =TRUNC(H75*F75,2) -> 639498.16 | J75: =I75/$J$78 -> 0.40705719
A76: 10 | D76: SERVIÇOS FINAIS | I76: =I77 -> 118.09 | J76: =I76/$J$78 -> 7.5167352e-05
A77: 10.1 | B77: 4915672 | C77: SICRO3 | D77: Limpeza de ponte | E77: m | F77: ='Memória de Cálculo'!D77 -> 20.05 | G77: 4.64 | H77: =TRUNC(((1+$G$3)*G77),2) -> 5.89 | I77: =TRUNC(H77*F77,2) -> 118.09 | J77: =I77/$J$78 -> 7.5167352e-05
F78: TOTAL COM BDI | J78: =I76+I72+I68+I61+I57+I53+I46+I40+I30+I24+I21+I11+I8 -> 1571027.8
A81: _______________________________________________________________ RT: GUILHERME CARMO ENG. CIVIL - CREA/MG 199.751/D

Sheet Memória de Cálculo
A1: MEMÓRIA DE CÁLCULO
A5: OBRA: | B5: ='Orçamento Sintético'!D5 -> PONTE SOBRE O RIO PARDO - RODOVIA MIGUEL CAPANEMA, MARAVILHAS/MG
A6: RT: | B6: ='Orçamento Sintético'!D6 -> ENG. CIVIL GUILHERME CARMO - CREA/MG 199.751/D | E6: ='Orçamento Sintético'!E6:F6 -> DATA: 10/06/2026
A7: Item | B7: Descrição | C7: Und | D7: Quant. | E7: Observações
A8: 1 | B8: ADMINISTRAÇÃO LOCAL
A9: 1.1 | B9: ENGENHEIRO CIVIL DE OBRA PLENO COM ENCARGOS COMPLEMENTARES | C9: H | D9: 264 | E9: CONSIDERANDO 22 DIAS NO MES, 2 HORAS DE DEDICAÇÃO DIÁRIA E SEIS MESES DE OBRA: 6*22*2=264 HORAS
A10: 1.2 | B10: ENCARREGADO GERAL COM ENCARGOS COMPLEMENTARES | C10: H | D10: 264 | E10: CONSIDERANDO 22 DIAS NO MES, 2 HORAS DE DEDICAÇÃO DIÁRIA PARA UMA OBRA DE SEIS MESES: 6*22*2=264 HORAS
A11: 2 | B11: CANTEIRO DE OBRAS E SERVIÇOS PRELIMINARES
A12: 2.1 | B12: FORNECIMENTO E INSTALAÇÃO DE PLACA DE OBRA COM CHAPA GALVANIZADA E ESTRUTURA DE MADEIRA. AF_03/2022_PS | C12: m² | D12: 4,5 | E12: FORNECIMENTO DE PLACA PADRÃO DE 1,5MX3M
A13: 2.2 | B13: LOCACAO DE CONTAINER 2,30 X 6,00 M, ALT. 2,50 M, COM 1 SANITARIO, PARA ESCRITORIO, COMPLETO, SEM DIVISORIAS INTERNAS (NAO INCLUI MOBILIZACAO/DESMOBILIZACAO) | C13: MES | D13: 5 | E13: CONTAINER PARA REFEITÓRIO DE OBRA PARA 5 MESES DE OBRA
A14: 2.3 | B14: LOCACAO DE CONTAINER 2,30 X 6,00 M, ALT. 2,50 M, PARA ESCRITORIO, SEM DIVISORIAS INTERNAS E SEM SANITARIO (NAO INCLUI MOBILIZACAO/DESMOBILIZACAO) | C14: MES | D14: 5 | E14: CONTAINER PARA ESCRITÓRIO E/OU DEPÓSITO DE MATERIAIS PARA 5 MESES DE OBRA
A15: 2.4 | B15: LOCACAO DE CONTAINER 2,30 X 4,30 M, ALT. 2,50 M, PARA SANITARIO, COM 3 BACIAS, 4 CHUVEIROS, 1 LAVATORIO E 1 MICTORIO (NAO INCLUI MOBILIZACAO/DESMOBILIZACAO) | C15: MES | D15: 5 | E15: VESTIÁRIO DE OBRA PARA 5 MESES DE OBRA
A16: 2.5 | B16: MOBILIZAÇÃO E DESMOBILIZAÇÃO DE CONTAINER, INCLUSIVE CARGA, DESCARGA E TRANSPORTE EM CAMINHÃO CARROCERIA COM GUINDAUTO (MUNCK), EXCLUSIVE LOCAÇÃO DO CONTAINER | C16: un | D16: 3,0 | E16: UMA UNIDADE PARA CADA CONTAINER
A17: 2.6 | B17: LIGAÇÃO PROVISÓRIA COM ENTRADA DE ENERGIA AÉREA, PADRÃO CEMIG, CARGA INSTALADA DE 15,1KVA ATÉ 30KVA, TRIFÁSICO, COM SAÍDA SUBTERRÂNEA, INCLUSIVE POSTE, CAIXA PARA MEDIDOR, DISJUNTOR, BARRAMENTO, ATERRAMENTO E ACESSÓRIOS | C17: UN | D17: 1,0 | E17: UMA INSTALAÇÃO PROVISÓRIA DE ENERGIA
A18: 2.7 | B18: LIGAÇÃO DE ÁGUA PROVISÓRIA PARA CANTEIRO, INCLUSIVE HIDRÔMETRO E CAVALETE PARA MEDIÇÃO DE ÁGUA - ENTRADA PRINCIPAL, EM AÇO GALVANIZADO DN 20MM (1/2") - PADRÃO CONCESSIONÁRIA | C18: UN | D18: 1,0 | E18: UMA INSTALAÇÃO PROVISÓRIA DE ÁGUA
A19: 2.8 | B19: LIGAÇÃO DE ESGOTO PARA BARRACÃO DE OBRA EM CANTEIRO, EXCLUSIVE FOSSA SÉPTICA | C19: UN | D19: 1,0 | E19: UMA LIGAÇÃO PROVISÓRIA DE ESGOTO
A20: 2.9 | B20: LOCACAO CONVENCIONAL DE OBRA, UTILIZANDO GABARITO DE TÁBUAS CORRIDAS PONTALETADAS A CADA 2,00M - 2 UTILIZAÇÕES. AF_10/2018 | C20: M | D20: 64.9 | E20: COMPRIMENTO DA OBRA 20,05 M ACRESCIDO DE 2 M + LARGURA DA OBRA 8,4 M ACRESCIDA DE 2 M TOTAL: 2*(20,05+2+8,4+2)=64,9 M2
A21: 3 | B21: DEMOLIÇÃO DE ESTRUTURA EXISTENTE - PONTE
A22: 3.1 | B22: Demolição mecânica de concreto armado com escavadeira hidráulica | C22: m³ | D22: 21.93 | E22: COMPRIMENTO DA PONTE EXISTENTE DE 8 M, LARGURA DE 3,9 M, TABULERO COM 20 CM DE ESPESSURA E DUAS BARREIRAS NEW JERSEY DE 0,25 M2 DE SEÇÃO TRANSVERSAL: 8*3,9*0,2+2*0,25*12=12,24 M3 DOIS ENCONTROS COM ABAS DE 2 M DE COMPRIMENTO, 0,25 CM DE ESPESSURA E 2M DE ALTURA: 2*(3,9+2+2)*2*0,25= 7,9 M3 VOLUME DAS 2 VIGAS W 530X92 = 8*0,21*0,533*2= 1,79 M3 TOTAL: 12,24+7,9+1,79=21,96 M3
A23: 3.2 | B23: CARGA, MANOBRA E DESCARGA DE ENTULHO EM CAMINHÃO BASCULANTE 10 M³ - CARGA COM ESCAVADEIRA HIDRÁULICA (CAÇAMBA DE 0,80 M³ / 111 HP) E DESCARGA LIVRE (UNIDADE: M3). | C23: m³ | D23: 32.9 | E23: VOLUME DO ITEM ANTERIOR MULTIPLICADO UM FATOR DE EMPOLAMENTO DE 1,5: 20,14*1,5=30,21 M3
A24: 4 | B24: INFRAESTRUTURA - ESTACAS
A25: 4.1 | B25: ESCAVAÇÃO VERTICAL PARA INFRAESTRUTURA, COM CARGA, DESCARGA E TRANSPORTE DE SOLO DE 1ª CATEGORIA, COM ESCAVADEIRA HIDRÁULICA (CAÇAMBA: 0,8 M³ / 111 HP), FROTA DE 3 CAMINHÕES BASCULANTES DE 14 M³, DMT ATÉ 1 KM E VELOCIDADE MÉDIA14 KM/H. | C25: m³ | D25: 332.91 | E25: A PONTE A SER DEMOLIDA TEM 8 M DE COMPRIMENTO, E A NOVA TERÁ 20,05 M. DESSA FORMA, SERÁ NECESSÁRIO REMOVER A DIFERENÇA ENTRE COMPRIMENTOS, MULTIPLICADO PELA LARGURA DA NOVA PONTE E SUA ALTURA TOTAL. A ALTURA TOTAL CORRESPONTE AO NÍVEL DE 750,5 MENOS O NÍVEL DE ASSENTAMENTO DA BASE DO BLOCO 747,211. DESSA FORMA: VOLUME: (20,05-8)*8,4*(750,5-747,211)= 332,91 M3
A26: 4.2 | B26: ESCAVAÇÃO VERTICAL PARA INFRAESTRUTURA, COM CARGA, DESCARGA E TRANSPORTE DE SOLO DE 1ª CATEGORIA, COM ESCAVADEIRA HIDRÁULICA (CAÇAMBA: 0,8 M³ / 111 HP), FROTA DE 3 CAMINHÕES BASCULANTES DE 14 M³, DMT ATÉ 1 KM E VELOCIDADE MÉDIA14 KM/H. | C26: m | D26: 180 | E26: CONFORME LISTA DE MATERIAIS DA PRANCHA 02 DO PROJETO AED-PON-2026-04-EX
A27: 4.3 | B27: MONTAGEM DE ARMADURA TRANSVERSAL DE ESTACAS DE SEÇÃO CIRCULAR, DIÂMETRO = 6,30 MM. AF_09/2021_PS | C27: KG | D27: 290.2 | E27: CONFORME LISTA DE MATERIAIS DA PRANCHA 02 DO PROJETO AED-PON-2026-04-EX
A28: 4.4 | B28: MONTAGEM DE ARMADURA DE ESTACAS, DIÂMETRO = 12,5 MM. AF_09/2021_PS | C28: KG | D28: 1675.6 | E28: CONFORME LISTA DE MATERIAIS DA PRANCHA 02 DO PROJETO AED-PON-2026-04-EX
A29: 4.5 | B29: FORNECIMENTO DE CONCRETO ESTRUTURAL, USINADO BOMBEADO, COM FCK 30MPA, INCLUSIVE LANÇAMENTO, ADENSAMENTO E ACABAMENTO | C29: m³ | D29: 22.6 | E29: CONFORME LISTA DE MATERIAIS DA PRANCHA 02 DO PROJETO AED-PON-2026-04-EX
A30: 5 | B30: MESOESTRUTURA - ENCONTROS: BLOCO, PILAR E ABAS
A31: 5.1 | B31: LASTRO DE CONCRETO MAGRO, APLICADO EM BLOCOS DE COROAMENTO OU SAPATAS, ESPESSURA DE 5 CM. | C31: m² | D31: 33.6 | E31: DUAS VEZES A ÁREA DO BLOCO DO ENCONTRO: 2*2*8,4=33,6 M2
A32: 5.2 | B32: FABRICAÇÃO, MONTAGEM E DESMONTAGEM DE FÔRMA PARA BLOCO DE COROAMENTO, EM CHAPA DE MADEIRA COMPENSADA RESINADA, E=17 MM, 2 UTILIZAÇÕES. | C32: m² | D32: 21.7 | E32: CONFORME LISTA DE MATERIAIS DA PRANCHA 04 DO PROJETO AED-PON-2026-04-EX
A33: 5.3 | B33: FABRICAÇÃO DE FÔRMA PARA PILARES E ESTRUTURAS SIMILARES, EM CHAPA DE MADEIRA COMPENSADA RESINADA, E = 17 MM. | C33: m² | D33: 59.8 | E33: CONFORME LISTA DE MATERIAIS DA PRANCHA 04 DO PROJETO AED-PON-2026-04-EX
A34: 5.4 | B34: FABRICAÇÃO, MONTAGEM E DESMONTAGEM DE FÔRMA PARA CORTINA DE CONTENÇÃO, EM CHAPA DE MADEIRA COMPENSADA PLASTIFICADA, E = 18 MM, 10 UTILIZAÇÕES. | C34: m² | D34: 29.1 | E34: CONFORME LISTA DE MATERIAIS DA PRANCHA 04 DO PROJETO AED-PON-2026-04-EX
A35: 5.5 | B35: Armação em aço CA-50 - fornecimento, preparo e colocação | C35: kg | D35: 3034.1 | E35: CONFORME LISTA DE MATERIAIS DA PRANCHA 04 DO PROJETO AED-PON-2026-04-EX
A36: 5.6 | B36: FORNECIMENTO DE CONCRETO ESTRUTURAL, USINADO BOMBEADO, COM FCK 30MPA, INCLUSIVE LANÇAMENTO, ADENSAMENTO E ACABAMENTO | C36: m³ | D36: 52.3 | E36: CONFORME LISTA DE MATERIAIS DA PRANCHA 04 DO PROJETO AED-PON-2026-04-EX
A37: 5.7 | B37: Tubo de PVC para dreno tipo barbacã - D = 50 mm - fornecimento e instalação | C37: m | D37: 7.2 | E37: TOTAL DE 12 DRENOS, 6 EM CADA ENCONTRO, CADA UM COM 60 CM DE COMPRIMENTO. LOGO: 12*0,6=7,2 M
A38: 5.8 | B38: EXECUÇÃO E COMPACTAÇÃO DE CORPO DE ATERRO DE ATERRO (95% DE ENERGIA DO PROCTOR NORMAL) COM SOLO PREDOMINANTEMENTE ARGILOSO, EM CAMADAS COM ESPESSURA DE 20 CM - EXCLUSIVE ESCAVAÇÃO, CARGA E TRANSPORTE E SOLO. | C38: m³ | D38: 53.24 | E38: COMPACTAÇÃO DE SOLO SOBRE A BASE DO ENCONTRO. CONFORME PROJETO, LARGURA ATRÁS DO ENTRO DE 1,1 M E 8 M DE COMPRIMENTO, SENDO A ALTURA 3,025 M: 2*1,1*8*3,025 = 53,24 M3
A39: 6 | B39: SUPERESTRUTURA
A40: 6.1 | B40: LONGARINAS E APARELHO DE APOIO
A41: 6.1.1 | B41: FORNECIMENTO DE ESTRUTURA METÁLICA EM PERFIL LAMINADO, INCLUSIVE FABRICAÇÃO, TRANSPORTE, MONTAGEM E APLICAÇÃO DE FUNDO PREPARADOR ANTICORROSIVO EM SUPERFÍCIE METÁLICA, UMA (1) DEMÃO | C41: KG | D41: 13440.6 | E41: CONFORME LISTA DE MATERIAIS DA PRANCHA 05 DO PROJETO AED-PON-2026-04-EX
A42: 6.1.2 | B42: Chapa de aço ASTM A572 grau 50 cortada e perfurada | C42: kg | D42: 370.1 | E42: CONFORME LISTA DE MATERIAIS DA PRANCHA 05 DO PROJETO AED-PON-2026-04-EX
A43: 6.1.3 | B43: PINTURA COM TINTA EPOXÍDICA DE FUNDO APLICADA A ROLO OU PINCEL SOBRE PERFIL METÁLICO EXECUTADO EM FÁBRICA (POR DEMÃO). | C43: m² | D43: 191.1 | E43: CONFORME LISTA DE MATERIAIS DA PRANCHA 05 DO PROJETO AED-PON-2026-04-EX
A44: 6.1.4 | B44: PINTURA COM TINTA ALQUÍDICA DE ACABAMENTO (ESMALTE SINTÉTICO ACETINADO) APLICADA A ROLO OU PINCEL SOBRE PERFIL METÁLICO EXECUTADO EM FÁBRICA (POR DEMÃO). | C44: m² | D44: 191.1 | E44: CONFORME LISTA DE MATERIAIS DA PRANCHA 05 DO PROJETO AED-PON-2026-04-EX
A45: 5.1.5 | B45: Aparelho de apoio de neoprene fretado para estruturas pré-moldadas - fornecimento e instalação | C45: dm³ | D45: 50.76 | E45: CONFORME LISTA DE MATERIAIS DA PRANCHA 04 DO PROJETO AED-PON-2026-04-EX, SERÃO 12 AP. DE APOIO DE 30 CM X 30 CM E 4,7 CM DE ESPESSURA. LOGO: 12*3*3*0,47=50,76
A46: 6.2 | B46: TABULEIRO
A47: 6.2.1 | B47: FABRICAÇÃO DE FÔRMA PARA LAJES, EM CHAPA DE MADEIRA COMPENSADA RESINADA, E = 17 MM | C47: m² | D47: 100.8 | E47: COMPRIMENTO DA LAJE 12 M LARGURA 8,4 M TOTAL: 12*8,4= 100,80 M2
A48: 6.2.2 | B48: CIMBRAMENTO PARA LAJE PRÉ-MOLDADA COM ESCORAMENTO METÁLICO, TIPO "A", ALTURA DE (200 ATÉ 310)CM, INCLUSIVE DESCARGA, MONTAGEM, DESMONTAGEM E CARGA | C48: m2xmês | D48: 16.8 | E48: CIMBRAMENTO DOS TRECHOS EM BALANÇO: COMPRIMENTO DA LAJE 12 M LARGURA 0,7 M. POR UM MES TOTAL: 2*12*0,7*1 = 16,8 M2
A49: 6.2.3 | B49: Armação em aço CA-50 - fornecimento, preparo e colocação | C49: kg | D49: 1652.72 | E49: CONFORME LISTA DE MATERIAIS DA PRANCHA 06 DO PROJETO AED-PON-2026-04-EX
A50: 6.2.4 | B50: Armação em aço CA-60 - fornecimento, preparo e colocação | C50: kg | D50: 565.93 | E50: CONFORME LISTA DE MATERIAIS DA PRANCHA 06 DO PROJETO AED-PON-2026-04-EX
A51: 6.2.5 | B51: FORNECIMENTO DE CONCRETO ESTRUTURAL, USINADO BOMBEADO, COM FCK 30MPA, INCLUSIVE LANÇAMENTO, ADENSAMENTO E ACABAMENTO | C51: m³ | D51: 20.2 | E51: SOMATÓRIO DA BASE DO PAINEL MAIS O CAPEAMENTO: 6,1+14,1= 20,2 M3
A52: 6.2.6 | B52: Dreno de PVC D = 100 mm para OAE - fornecimento e instalação | C52: m | D52: 1.8 | E52: TOTAL DE SEIS TUBOS DE DRENAGEM COM 30 CM DE COMPRIMENTO: 6*0,3= 1,8 M
A53: 6.3 | B53: BARREIRA DE PROTEÇÃO NEW JERSEY
A54: 6.3.1 | B54: FÔRMA E DESFORMA DE COMPENSADO PLASTIFICADO, ESP. 12MM, REAPROVEITAMENTO (5X), EXCLUSIVE ESCORAMENTO | C54: m² | D54: 21.6 | E54: CONFORME LISTA DE MATERIAIS DA PRANCHA 06 DO PROJETO AED-PON-2026-04-EX
A55: 6.3.2 | B55: ARMAÇÃO DE ESTRUTURAS DIVERSAS DE CONCRETO ARMADO, EXCETO VIGAS, PILARES, LAJES E FUNDAÇÕES, UTILIZANDO AÇO CA-50 DE 10,0 MM - MONTAGEM. AF_06/2022 | C55: KG | D55: 280.49 | E55: CONFORME LISTA DE MATERIAIS DA PRANCHA 06 DO PROJETO AED-PON-2026-04-EX
A56: 6.3.3 | B56: FORNECIMENTO DE CONCRETO ESTRUTURAL, USINADO BOMBEADO, COM FCK 30MPA, INCLUSIVE LANÇAMENTO, ADENSAMENTO E ACABAMENTO | C56: m³ | D56: 2.8 | E56: CONFORME LISTA DE MATERIAIS DA PRANCHA 06 DO PROJETO AED-PON-2026-04-EX
A57: 6.4 | B57: JUNTA DE DILATAÇÃO
A58: 6.4.1 | B58: FORNECIMENTO DE ESTRUTURA METÁLICA EM PERFIL LAMINADO , INCLUSIVE FABRICAÇÃO, TRANSPORTE, MONTAGEM E APLICAÇÃO DE FUNDO PREPARADOR ANTICORROSIVO EM SUPERFÍCIE METÁLICA, UMA (1) DEMÃO | C58: KG | D58: 185.47 | E58: CONFORME LISTA DE MATERIAIS DA PRANCHA 06 DO PROJETO AED-PON-2026-04-EX
A59: 6.4.2 | B59: Chumbador tipo espera em aço CA-25 para fixação de estrutura metálica em concreto - fornecimento e instalação | C59: KG | D59: 33.26 | E59: CONFORME LISTA DE MATERIAIS DA PRANCHA 06 DO PROJETO AED-PON-2026-04-EX
A60: 6.4.3 | B60: TARUGO DELIMITADOR DE PROFUNDIDADE EM ESPUMA DE POLIETILENO DE BAIXA DENSIDADE 10 MM, CINZA | C60: m | D60: 16.8 | E60: CONFORME LISTA DE MATERIAIS DA PRANCHA 06 DO PROJETO AED-PON-2026-04-EX
A61: 7 | B61: LAJE DE APROXIMAÇÃO
A62: 7.1 | B62: FABRICAÇÃO DE FÔRMA PARA LAJES, EM CHAPA DE MADEIRA COMPENSADA RESINADA, E = 17 MM | C62: m² | D62: 18.8 | E62: CONFORME LISTA DE MATERIAIS DA PRANCHA 07 DO PROJETO AED-PON-2026-04-EX
A63: 7.2 | B63: Armação em aço CA-50 - fornecimento, preparo e colocação | C63: KG | D63: 1922.5 | E63: CONFORME LISTA DE MATERIAIS DA PRANCHA 07 DO PROJETO AED-PON-2026-04-EX
A64: 7.3 | B64: FORNECIMENTO DE CONCRETO ESTRUTURAL, USINADO BOMBEADO, COM FCK 30MPA, INCLUSIVE LANÇAMENTO, ADENSAMENTO E ACABAMENTO | C64: m³ | D64: 18.9 | E64: CONFORME LISTA DE MATERIAIS DA PRANCHA 07 DO PROJETO AED-PON-2026-04-EX
A65: 7.4 | B65: EXECUÇÃO E COMPACTAÇÃO DE BASE E OU SUB BASE PARA PAVIMENTAÇÃO DE BRITA GRADUADA SIMPLES - EXCLUSIVE CARGA E TRANSPORTE. AF_11/2019 | C65: m³ | D65: 9.45 | E65: AREA DA LAJE DE TRANSIÇÃO MULTIPLICADA PELA ESPESSURA DE 15 CM: 2*3,75*8,4*0,15= 9,45 M3
A66: 7.5 | B66: Reaterro e compactação com soquete vibratório | C66: m³ | D66: 9.45 | E66: AREA DA LAJE DE TRANSIÇÃO MULTIPLICADA PELA ESPESSURA DE 15 CM: 2*3,75*8,4*0,15= 9,45 M3
A67: 7.6 | B67: EXECUÇÃO E APLICAÇÃO DE CONCRETO BETUMINOSO USINADO A QUENTE (CBUQ), MASSA COMERCIAL, INCLUINDO FORNECIMENTO E TRANSPORTE DOS AGREGADOS E MATERIAL BETUMINOSO, EXCLUSIVE TRANSPORTE DA MASSA ASFÁLTICA ATÉ A PISTA | C67: m³ | D67: 3.15 | E67: AREA DA LAJE DE TRANSIÇÃO MULTIPLICADA PELA ESPESSURA DE 5 CM: 2*3,75*8,4*0,05= 3,15 M3
A68: 8 | B68: SERVIÇOS FINAIS
A69: 8.1 | B69: Estrutura em perfil de aço ASTM A36 corte, solda e montagem - fornecimento e instalação | C69: KG | D69: 193.7 | E69: CONFORME LISTA DE MATERIAIS DA PRANCHA 07 DO PROJETO AED-PON-2026-04-EX
A70: 8.2 | B70: PINTURA COM TINTA EPOXÍDICA DE FUNDO APLICADA A ROLO OU PINCEL SOBRE PERFIL METÁLICO EXECUTADO EM FÁBRICA (POR DEMÃO). | C70: m² | D70: 10.5 | E70: CONFORME LISTA DE MATERIAIS DA PRANCHA 07 DO PROJETO AED-PON-2026-04-EX
A71: 8.3 | B71: PINTURA COM TINTA ALQUÍDICA DE ACABAMENTO (ESMALTE SINTÉTICO ACETINADO) APLICADA A ROLO OU PINCEL SOBRE PERFIL METÁLICO EXECUTADO EM FÁBRICA (POR DEMÃO). | C71: m² | D71: 10.5 | E71: CONFORME LISTA DE MATERIAIS DA PRANCHA 07 DO PROJETO AED-PON-2026-04-EX
A72: 9 | B72: SERVIÇOS FINAIS
A73: 9.1 | B73: ESCAVAÇÃO VERTICAL PARA INFRAESTRUTURA, COM CARGA, DESCARGA E TRANSPORTE DE SOLO DE 1ª CATEGORIA, COM ESCAVADEIRA HIDRÁULICA (CAÇAMBA: 0,8 M³ / 111 HP), FROTA DE 3 CAMINHÕES BASCULANTES DE 14 M³, DMT ATÉ 1 KM E VELOCIDADE MÉDIA14 KM/H. | C73: m³ | D73: 1297.6 | E73: COMPRIMENTO TOTAL DE CONTENÇÃO: 81,1 M LARGURA DA BASE: 4 M ALTURA DA CONTENÇÃO: 4 M VOLUME A SER MOVIDO: 81,1*4*4= 1297,6 M3
A74: 9.2 | B74: COMPACTAÇÃO MECÂNICA DE SOLO PARA EXECUÇÃO DE RADIER, PISO DE CONCRETO OU LAJE SOBRE SOLO, COM COMPACTADOR DE SOLOS A PERCUSSÃO. | C74: m² | D74: 324.4 | E74: COMPRIMENTO TOTAL DE CONTENÇÃO: 81,1 M LARGURA DA BASE: 4 M AREA TOTAL DE REGULARIZAÇÃO E COMPACTAÇÃO: 81,1*4= 324,4 M2
A75: 9.3 | B75: MURO DE GABIÃO, ENCHIMENTO COM PEDRA DE MÃO TIPO RACHÃO, COM SOLO REFORÇADO, PARA MUROS COM ALTURA MENOR OU IGUAL A 4 M - FORNECIMENTO E EXECUÇÃO. | C75: m³ | D75: 519.44 | E75: CONFORME LISTA DE MATERIAIS DA PRANCHA 01 DO PROJETO AED-CAN-2026-01-EX, O VOLUME DE RACHÃO DEVE SER DIVIDIDO POR 1,6, VISTO QUE A COMPOSIÇÃO JÁ LEVA EM CONTA O VOLUME EXTRA DE RACHÃO. A COMPOSIÇÃO TAMBÉM LEVA EM CONTA A MANTA GEOTEXTIL. ASSIM: 831,1/1,6 = 519,44 M3
A76: 7 | B76: SERVIÇOS FINAIS
A77: 7.1 | B77: Limpeza de ponte | C77: m | D77: 20.05 | E77: COMPRIMENTO TOTAL DA ESTRUTURA
A78: _______________________________________________________________ RT: GUILHERME CARMO ENG. CIVIL - CREA/MG 199.751/D

Sheet Cronograma
A1: CRONOGRAMA FÍSICO-FINANCEIRO
D2: Bancos | F2: B.D.I.
D3: SINAPI - 12/2023 - Minas Gerais SICRO3 - 10/2023 - Minas Gerais SETOP - 08/2023 - Minas Gerais | F3: =BDI!C25 -> 0.26976359
A5: OBRA: | B5: ='Orçamento Sintético'!D5 -> PONTE SOBRE O RIO PARDO - RODOVIA MIGUEL CAPANEMA, MARAVILHAS/MG
A6: RT: | B6: ='Orçamento Sintético'!D6 -> ENG. CIVIL GUILHERME CARMO - CREA/MG 199.751/D | D6: DATA: 10/06/2026
A7: Item | B7: Descrição | C7: Total Por Etapa | D7: MÊS 1 | E7: MÊS 2 | F7: MÊS 3 | G7: MÊS 4 | H7: MÊS 5 | I7: MÊS 6
A8: 1 | B8: ADMINISTRAÇÃO LOCAL | C8: =SUM(D8:I8) -> 1 | D8: 0.25 | E8: 0.15 | F8: 0.15 | G8: 0.15 | H8: 0.15 | I8: 0.15
C9: ='Orçamento Sintético'!I8 -> 69534.96 | D9: =$C$9*D8 -> 17383.74 | E9: =$C$9*E8 -> 10430.244 | F9: =$C$9*F8 -> 10430.244 | G9: =$C$9*G8 -> 10430.244 | H9: =$C$9*H8 -> 10430.244 | I9: =$C$9*I8 -> 10430.244
A10: 2 | B10: CANTEIRO DE OBRAS E SERVIÇOS PRELIMINARES | C10: =SUM(D10:I10) -> 1 | D10: 0.4 | E10: 0.12 | F10: 0.12 | G10: 0.12 | H10: 0.12 | I10: 0.12
C11: ='Orçamento Sintético'!I11 -> 36336.01 | D11: =$C$11*D10 -> 14534.404 | E11: =$C$11*E10 -> 4360.3212 | F11: =$C$11*F10 -> 4360.3212 | G11: =$C$11*G10 -> 4360.3212 | H11: =$C$11*H10 -> 4360.3212 | I11: =$C$11*I10 -> 4360.3212
A12: 3 | B12: DEMOLIÇÃO DE ESTRUTURA EXISTENTE - PONTE | C12: =SUM(D12:I12) -> 1 | D12: 1
C13: ='Orçamento Sintético'!I21 -> 2099.08 | D13: =$C$13*D12 -> 2099.08
A14: 4 | B14: INFRAESTRUTURA - ESTACAS | C14: =SUM(D14:I14) -> 1 | D14: 1
C15: ='Orçamento Sintético'!I24 -> 63021.06 | D15: =$C$15*D14 -> 63021.06
A16: 5 | B16: MESOESTRUTURA - ENCONTROS: BLOCO, PILAR E ABAS | C16: =SUM(D16:I16) -> 1 | E16: 0.8 | F16: 0.2
C17: ='Orçamento Sintético'!I30 -> 119855.66 | E17: =$C$17*E16 -> 95884.528 | F17: =$C$17*F16 -> 23971.132
A18: 6 | B18: SUPERESTRUTURA | C18: =SUM(D18:I18) -> 1 | F18: 0.6 | G18: 0.3 | H18: 0.1
C19: ='Orçamento Sintético'!I39 -> 555323.48 | F19: =$C$19*F18 -> 333194.09 | G19: =$C$19*G18 -> 166597.04 | H19: =$C$19*H18 -> 55532.348
A20: 7 | B20: LAJE DE APROXIMAÇÃO | C20: =SUM(D20:I20) -> 1 | G20: 0.6 | H20: 0.4
C21: ='Orçamento Sintético'!I61 -> 58070.62 | G21: =$C$21*G20 -> 34842.372 | H21: =$C$21*H20 -> 23228.248
A22: 8 | B22: GUARDA-CORPO | C22: =SUM(D22:I22) -> 1 | H22: 1
C23: ='Orçamento Sintético'!I68 -> 4848.73 | H23: =$C$23*H22 -> 4848.73
A24: 9 | B24: PROTEÇÃO DE MARGEM | C24: =SUM(D24:I24) -> 1 | G24: 0.4 | H24: 0.4 | I24: 0.2
C25: ='Orçamento Sintético'!I72 -> 661820.12 | G25: =$C$25*G24 -> 264728.05 | H25: =$C$25*H24 -> 264728.05 | I25: =$C$25*I24 -> 132364.02
A26: 10 | B26: SERVIÇOS FINAIS | C26: =SUM(D26:I26) -> 1 | I26: 1
C27: ='Orçamento Sintético'!I76 -> 118.09 | I27: =$C$27*I26 -> 118.09
A28: CUSTO TOTAL (R$) | D28: =SUM(D9+D11+D13+D15+D17+D19+D21+D23+D25+D27) -> 97038.284 | E28: =(E9+E11+E13+E15+E17+E19+E21+E23+E25+E27) -> 110675.09 | F28: =(F9+F11+F13+F15+F17+F19+F21+F23+F25+F27) -> 371955.79 | G28: =(G9+G11+G13+G15+G17+G19+G21+G23+G25+G27) -> 480958.03 | H28: =(H9+H11+H13+H15+H17+H19+H21+H23+H25+H27) -> 363127.94 | I28: =(I9+I11+I13+I15+I17+I19+I21+I23+I25+I27) -> 147272.68
A29: PERCENTUAL TOTAL | D29: =D28/'Orçamento Sintético'!$J$78 -> 0.061767388 | E29: =E28/'Orçamento Sintético'!$J$78 -> 0.070447571 | F29: =F28/'Orçamento Sintético'!$J$78 -> 0.23675952 | G29: =G28/'Orçamento Sintético'!$J$78 -> 0.30614228 | H29: =H28/'Orçamento Sintético'!$J$78 -> 0.23114036 | I29: =I28/'Orçamento Sintético'!$J$78 -> 0.093742885
A31: _______________________________________________________________ RT: GUILHERME CARMO ENG. CIVIL - CREA/MG 199.751/D

Sheet BDI
A2: DEMONSTRATIVO DO BDI
A4: BDI (CONFORME ACÓRDÃO Nº 2622/13 e LEI Nº 13.161 DE 31/08/15)
A5: DISCRIMINAÇÃO DAS PARCELAS | B5: SIGLA | C5: PROJETO | G5: INCIDÊNCIA
C6: (ISS=3,00%)
A7: CUSTO DIRETO | B7: CD | C7: 1
A8: ADMINISTRAÇÃO CENTRAL | B8: AC | C8: 0.06 | G8: CD
A9: LUCRO BRUTO | B9: L | C9: 0.075 | G9: CD
A10: DESPESAS FINANCEIRAS | B10: DF | C10: 0.0237 | G10: CD
A11: SEGUROS, GARANTIAS E RISCO | C11: =C12+C13 -> 0.0171 | G11: CD
A12: SEGUROS + GARANTIAS | B12: S | C12: 0.0074 | G12: CD
A13: RISCO(*) | B13: R | C13: 0.0097 | G13: CD
A14: TRIBUTOS | B14: I | C14: =SUM(C15:F17) -> 0.0665 | G14: PV
A15: ISS | B15: ISS | C15: 0.03 | G15: PV
A16: PIS | B16: PIS | C16: 0.0065 | G16: PV
A17: COFINS | B17: COFINS | C17: 0.03 | G17: PV
A18: CPRB | B18: INSS | C18: 0 | G18: PV
A20: FÓRMULA DO BDI | B20: BDI = | C20: (1 + (AC + S + G + R)) x (1 + DF) x (1 + L)
C21: (1 - (I + CPRB))
B22: BDI(NUMERADOR) | C22: =(1+(C8+C11))*(1+C10)*(1+C9)-1 -> 0.18532432
B23: BDI(DENOMINADOR) | C23: =(1-(C14+C18)) -> 0.9335
A24: BDI CALCULADO | C24: =(1+C22)/C23-1 -> 0.26976359
A25: BDI ADOTADO | C25: =C24 -> 0.26976359

Sheet ENCARGOS SOCIAIS
A1: DEMONSTRATIVO DOS ENCARGOS SOCIAIS
A3: MINAS GERAIS
A4: ENCARGOS SOCIAIS SOBRE A MÃO DE OBRA
A5: CÓDIGO | B5: DESCRIÇÃO | C5: SEM DESONERAÇÃO
C6: HORISTA % | D6: MENSALISTA %
A7: GRUPO A
A8: A1 | B8: INSS | C8: 0.2 | D8: 0.2
A9: A2 | B9: SESI | C9: 0.015 | D9: 0.015
A10: A3 | B10: SENAI | C10: 0.01 | D10: 0.01
A11: A4 | B11: INCRA | C11: 0.002 | D11: 0.002
A12: A5 | B12: SEBRAE | C12: 0.006 | D12: 0.006
A13: A6 | B13: Salário Educação | C13: 0.025 | D13: 0.025
A14: A7 | B14: Seguro Contra Acidentes de Trabalho | C14: 0.03 | D14: 0.03
A15: A8 | B15: FGTS | C15: 0.08 | D15: 0.08
A16: A9 | B16: SECONCI | C16: 0.012 | D16: 0.012
A17: A | B17: Total | C17: =SUM(C8:C16) -> 0.38 | D17: =SUM(D8:D16) -> 0.38
A18: GRUPO B
A19: B1 | B19: Repouso Semanal Remunerado | C19: 0.1776 | D19: Não Incide
A20: B2 | B20: Feriados | C20: 0.0368 | D20: Não Incide
A21: B3 | B21: Auxílio - Enfermidade | C21: 0.0087 | D21: 0.0066
A22: B4 | B22: 13º Salário | C22: 0.1092 | D22: 0.0833
A23: B5 | B23: Licença Paternidade | C23: 0.0007 | D23: 0.0006
A24: B6 | B24: Faltas Justificadas | C24: 0.0073 | D24: 0.0056
A25: B7 | B25: Dias de Chuva | C25: 0.0106 | D25: Não Incide
A26: B8 | B26: Auxílio Acidente de Trabalho | C26: 0.001 | D26: 0.0008
A27: B9 | B27: Férias Gozadas | C27: 0.1157 | D27: 0.0883
A28: B10 | B28: Salário Maternidade | C28: 0.0003 | D28: 0.0002
A29: B | B29: Total | C29: =SUM(C19:C28) -> 0.4679 | D29: =SUM(D19:D28) -> 0.1854
A30: GRUPO C
A31: C1 | B31: Aviso Prévio Indenizado | C31: 0.0589 | D31: 0.045
A32: C2 | B32: Aviso Prévio Trabalhado | C32: 0.0014 | D32: 0.0011
A33: C3 | B33: Férias Indenizadas | C33: 0.0234 | D33: 0.0178
A34: C4 | B34: Depósito Rescisão Sem Justa Causa | C34: 0.0324 | D34: 0.0247
A35: C5 | B35: Indenização Adicional | C35: 0.005 | D35: 0.0038
A36: C | B36: Total | C36: =SUM(C31:C35) -> 0.1211 | D36: =SUM(D31:D35) -> 0.0924
A37: GRUPO D
A38: D1 | B38: Reincidência de Grupo A sobre Grupo B | C38: 0.1778 | D38: 0.0705
A39: D2 | B39: Reincidência de Grupo A sobre Aviso Prévio Trabalhado e Reincidência do FGTS sobre Aviso Prévio Indenizado | C39: 0.0052 | D39: 0.004
A40: D | B40: Total | C40: =SUM(C38:C39) -> 0.183 | D40: =SUM(D38:D39) -> 0.0745
A41: TOTAL (A+B+C+D) | C41: =C17+C29+C36+C40 -> 1.152 | D41: =D17+D29+D36+D40 -> 0.7323
A42: Fonte: Informação Di as de Chuva – INMET
A43: Fonte SINAPI
